 Dungeon Crawl Stone Soup version 0.24-a0-515-gbe7f5e2e8d (webtiles) character file.

Game seed: 10560729326964810807

168 Peloso the Skirmisher (level 5, 0/47 HPs)
             Began as a Minotaur Fighter on July 21, 2019.
             Slain by an orc wizard
             ... wielding a +2 short sword of venom
              (5 damage)
             ... on level 3 of the Dungeon.
             The game lasted 00:02:40 (1089 turns).

Peloso the Skirmisher (Minotaur Fighter)            Turns: 1089, Time: 00:02:41

Health: 0/47       AC:  6    Str: 20    XL:     5   Next: 24%
Magic:  4/4        EV:  7    Int:  5    God:
Gold:   122        SH:  9    Dex: 11    Spells: 4/4 levels left

rFire    . . .     SeeInvis .   a - +0 long sword
rCold    . . .     Gourm    .   c - +0 shield
rNeg     . . .     Faith    .   b - +0 scale mail
rPois    .         Spirit   .   (helmet restricted)
rElec    .         Reflect  .   (no cloak)
rCorr    .         Harm     .   (no gloves)
MR       .....                  (no boots)
Stlth    ..........             (no amulet)
HPRegen  0.15/turn              (no ring)
MPRegen  0.09/turn              (no ring)

@: lethally poisoned (0 -> -6), drained
A: retaliatory headbutt, horns 2
a: no special abilities


You were on level 3 of the Dungeon.
You were not hungry.

You visited 1 branch of the dungeon, and saw 4 of its levels.

You collected 122 gold pieces.

Inventory:

Hand Weapons
 a - a +0 long sword (weapon)
Armour
 b - a +0 scale mail (worn)
 c - a +0 shield (worn)
Wands
 i - a wand of iceblast (8)
Scrolls
 e - a scroll of teleportation {unknown}
 g - a scroll of magic mapping {unknown}
 j - a scroll of identify {unknown}
Potions
 d - a potion of might
Comestibles
 f - 4 rations
 h - a chunk of flesh


   Skills:
 + Level 4.6(3.6) Fighting
 + Level 4.3(3.3) Long Blades
 + Level 4.4(3.5) Armour
 + Level 1.0(0.1) Dodging
 + Level 4.6(3.6) Shields


You had 4 spell levels left.
You didn't know any spells.
Your spell library was empty.

Dungeon Overview and Level Annotations

Branches:
Dungeon (4/15)
 Temple: D:4-7

Altars:


Innate Abilities, Weirdness & Mutations

You reflexively headbutt those who attack you in melee.
You have a pair of horns on your head.


Message History

You are more poisoned.
You closely miss something. You headbutt something.
* * * LOW HITPOINT WARNING * * *
You feel very sick. You block something's attack.
You miss something.
* * * LOW HITPOINT WARNING * * *
You feel very sick.
You hear some strange, mumbled words.
A magic dart appears from out of thin air!
The magic dart hits you.
* * * LOW HITPOINT WARNING * * *
It was a potion of curing.
You feel better. Something hits you.
* * * LOW HITPOINT WARNING * * *
You are lethally poisoned!
Unknown command.
You closely miss something.
* * * LOW HITPOINT WARNING * * *
You feel sick. Something hits you but does no damage. Something hits you.
You die...

#.##.##.# #>...
#.......# #....
#.##.##.# #...#
#.##)##.# ##.##
#.......# ..##
####.#####.. #.# #..
############# #># .
#.......[.@.# #.#
#.###.#..{#.#
##.###.#.#.
.....###..###..........
. ##..)#
#.†)....###.######
###..###..###.##
..........# #.#
########### #.# #.. ##.


There were no monsters in sight!

Vanquished Creatures
  A centaur skeleton (D:4)
  An orc wizard (D:4)
  Ijyb (D:3)
  6 oozes (D:1)
  2 worms (D:1)
  3 dart slugs
  4 orcs
  3 bats
  8 giant cockroaches (D:1)
  5 goblins
  3 hobgoblins
  2 jackals (D:1)
  3 kobolds
  2 quokkas
  A ball python (D:1)
  6 rats (D:1)
51 creatures vanquished.

Notes
Turn   | Place    | Note
-------+----------+-------------------------------------------
     0 | D:1      | Peloso the Minotaur Fighter began the quest for the Orb.
     0 | D:1      | Reached XP level 1. HP: 19/19 MP: 0/0
     1 | D:1      | Found a runed translucent door.
    28 | D:1      | Reached XP level 2. HP: 13/27 MP: 1/1
    44 | D:1      | Reached XP level 3. HP: 13/33 MP: 2/2
    61 | D:1      | HP: 1/33 [worm (5)]
   573 | D:1      | Reached XP level 4. HP: 40/41 MP: 3/3
   789 | D:2      | You fall into a shaft and drop 2 floors!
   929 | D:4      | Reached skill level 1 in Dodging
   979 | D:3      | Reached XP level 5. HP: 44/47 MP: 4/4
  1028 | D:3      | Noticed Ijyb
  1035 | D:3      | Killed Ijyb
  1087 | D:3      | HP: 2/47 [something/magic dart (3)]
  1089 | D:3      | Slain by an orc wizard

Levels and vault maps discovered:
D:1:      dpeg_arrival_caged_fury, layout_rooms
D:2:      layout_basic, lemuel_doored_altar, old_standard_altar
D:3:      layout_loops_cross, kennysheep_generic_room_3, uniq_ijyb
D:4:      layout_basic, evilmike_ruin_ashenzari, kennysheep_mini,
          dk_noncrumbling_4, minmay_statues_item

Skill      XL: |  1  2  3  4 |
---------------+-------------+-----
Armour         | 4 |  4.4
Fighting       | 4 |  4.6
Long Blades    | 3 4 |  4.3
Shields        | 4 |  4.6
Dodging        | 1 |  1.0

Action                   |  1- 3 |  4- 6 || total
-------------------------+-------+-------++-------
Melee: Long sword        |    73 |    48 ||   121
       Headbutt          |    14 |    10 ||    24
  Use: Potion            |       |     2 ||     2
  Eat: Chunk             |       |     1 ||     1
Armor: Scale mail        |    36 |    21 ||    57
Dodge: Dodged            |    23 |     9 ||    32
Block: Shield            |    42 |    14 ||    56
       Rpst.: Long sword |     9 |       ||     9

Table legend:
 A = Non-vault XP
 B = Vault XP
 C = Vault XP percentage of total XP
 D = Non-vault monster count
 E = Vault monster count
 F = Vault count percentage of total count
                 A         B        C        D         E       F
            +---------+---------+-------+---------+---------+-------
      Total |     140 |     101 |  41.9 |      32 |      19 |  37.3
            +---------+---------+-------+---------+---------+-------
        D:1 |      37 |      68 |  64.8 |      19 |      18 |  48.6
        D:2 |       1 |       0 |   0.0 |       1 |       0 |   0.0
        D:3 |      13 |      33 |  71.7 |       6 |       1 |  14.3
        D:4 |      89 |       0 |   0.0 |       6 |       0 |   0.0
            +---------+---------+-------+---------+---------+-------
